 Dungeon Crawl Stone Soup version 0.22-a0-392-g5dc3fd9 (webtiles) character file.

2325 Gildeon the Ruffian (level 9, -1/88 HPs)
             Began as a Troll Fighter on May 1, 2018.
             Was a Believer of Vehumet.
             Slain by a centaur skeleton (5 damage)
             ... summoned by an orange crystal statue
             ... on level 7 of the Dungeon.
             The game lasted 00:22:59 (4855 turns).

Gildeon the Ruffian (Troll Fighter)                 Turns: 4855, Time: 00:23:00

Health: -1/88      AC:  4    Str: 26    XL:     9   Next: 19%
Magic:  0/12       EV: 12    Int: -8 (5) God:    Vehumet [**....]
Gold:   488        SH:  0    Dex: 11    Spells: 12/14 levels left

rFire    + . .     SeeInvis .     - Unarmed
rCold    + . .     Gourm    +   (no shield)
rNeg     . . .     Faith    .   h - +2 robe {rC+ rF+}
rPois    .         Spirit   .   (helmet restricted)
rElec    .         Reflect  .   (no cloak)
rCorr    +         Harm     .   (gloves unavailable)
MR       .....                  (boots unavailable)
Stlth    +.........             (no amulet)
HPRegen  0.64/turn              g - ring of resist corrosion
MPRegen  0.13/turn              q - +5 ring of protection

@: confused, corroded, slowed, lost intelligence, drained, very slow
A: large, unfitting armour, claws 3, fast metabolism 3, gourmand, regeneration
1, shaggy fur 1, tough skin 2
a: Renounce Religion


You were on level 7 of the Dungeon.
You worshipped Vehumet.
Vehumet was pleased with you.
You were completely stuffed.

You visited 1 branch of the dungeon, and saw 7 of its levels.

You collected 488 gold pieces.

Inventory:

Missiles
 l - 258 stones (quivered)
Armour
 a - a +1 robe
 h - a +2 robe of resistance (worn)
Jewellery
 g - a ring of resist corrosion (left claw)
 j - an uncursed ring of positive energy
 q - a +5 ring of protection (right claw)
Wands
 f - a wand of flame (21)
 o - a wand of iceblast (9)
Scrolls
 e - a scroll of remove curse
 k - a scroll of fog
 m - 2 scrolls of teleportation
Potions
 b - a potion of magic
 c - a potion of curing
 i - 2 potions of heal wounds
 p - a potion of brilliance {unknown}
Comestibles
 d - 15 rations
 n - 2 chunks of flesh


   Skills:
 + Level 5.1(5.0) Fighting
 - Level 5.1(5.0) Armour
 - Level 5.2(5.1) Dodging
   Level 2.4(2.3) Shields
 - Level 5.2(5.1) Unarmed Combat
 - Level 3.1(3.0) Spellcasting


You had 12 spell levels left.
You knew the following spells:

 Your Spells              Type           Power        Failure   Level  Hunger
a - Sandblast             Erth           #.....       50%         1    ##.....
b - Freeze                Ice            #...         50%         1    ##.....


Dungeon Overview and Level Annotations

Branches:
Dungeon (7/15)             Temple (0/1) D:4

Altars:
Elyvilon
Qazlal
Ru
Sif Muna
Vehumet
The Shining One

Annotations:
D:7 1 runed door, exclusion: 4 orange crystal statues


Innate Abilities, Weirdness & Mutations

You are too large for most types of armour.
You have claws for hands.
Your metabolism is lightning-fast.
You like to eat raw meat.
Your natural rate of healing is unusually fast.
You are covered in fur. (AC +1)
You have very tough skin. (AC +2)


Message History

The centaur skeleton barely misses you. The orc hits you with a war axe.
* * * LOW HITPOINT WARNING * * *
You scratch the orc but do no damage.
The orc is moderately wounded.
The bullfrog hits you.
* * * LOW HITPOINT WARNING * * *
The orange crystal statue fixes its piercing gaze on you.
Something tries to feed on your intellect!
The orange crystal statue fixes its piercing gaze on you. x2
The giant cockroach bites you.
* * * LOW HITPOINT WARNING * * *
The centaur skeleton barely misses you. The jelly barely misses you.
The bullfrog barely misses you. The orc barely misses you.
The quokka twitches its whiskers.
The orange crystal statue fixes its piercing gaze on you.
The orange crystal statue glitters.
You are more confused.
The giant cockroach bites you but does no damage.
The centaur skeleton hits you.
You die...

..................#
..........####....+
..................#
..................+
.....)............#
..........##.........
!......o.............
..####o####.........)
#8s@Jo.8#.......!..
#5#FZh#.#.........
#.nhSJr.#...#####
.#..hF...#...#
#.#.......#..# #
#.#...#)# $#
#8.....8# # ####+####


You could see 4 orange crystal statues, a necrophage, 2 bullfrogs, a howler
monkey, 2 hounds, a jelly, a quasit, an ooze, an adder, 3 orcs, a quokka, a
giant cockroach and a centaur skeleton.

Vanquished Creatures
  Sigmund (D:3)
  The ghost of Dargar the Slasher, an amateur DsGl (D:3)
  Menkaure (D:4)
  Duvessa (D:6)
  A necrophage (D:7)
  An ogre (D:4)
  2 phantoms (D:4)
  3 centaurs
  2 bullfrogs
  Dowan (D:6)
  4 wights (D:7)
  A howler monkey (D:5)
  A centaur zombie (D:7)
  A quasit (D:7)
  3 orc priests (D:6)
  4 hounds
  A jelly (D:6)
  2 orc wizards (D:6)
  Ijyb (D:3)
  6 worker ants
  A hound skeleton (D:4)
  4 gnolls (D:6)
  2 howler monkey skeletons (D:4)
  12 adders
  2 shadow imps (D:6)
  2 oozes (D:3)
  2 dart slugs (D:1)
  7 leopard geckos
  15 orcs
  6 giant cockroaches
  13 goblins
  9 hobgoblins
  14 jackals
  7 kobolds
  A ball python (D:3)
  A ball python skeleton (D:4)
  11 bats
  3 frilled lizards
  A quokka skeleton (D:4)
  A quokka zombie (D:6)
  6 rats
158 creatures vanquished.

Notes
Turn   | Place    | Note
-------+----------+-------------------------------------------
     0 | D:1      | Gildeon the Troll Fighter began the quest for the Orb.
     0 | D:1      | Reached XP level 1. HP: 22/22 MP: 0/0
   193 | D:1      | Reached XP level 2. HP: 28/29 MP: 1/1
   538 | D:1      | Reached XP level 3. HP: 32/36 MP: 2/2
   875 | D:2      | Reached XP level 4. HP: 44/44 MP: 3/3
  1456 | D:3      | Noticed Ijyb
  1463 | D:3      | Killed Ijyb
  1463 | D:3      | Reached skill level 5 in Unarmed Combat
  1500 | D:3      | Reached XP level 5. HP: 50/50 MP: 4/4
  1801 | D:3      | Noticed Sigmund
  1816 | D:3      | Killed Sigmund
  1816 | D:3      | Reached XP level 6. HP: 51/62 MP: 5/5
  1836 | D:3      | Noticed Dargar's ghost (amateur DsGl)
  1857 | D:3      | Killed Dargar's ghost
  1902 | D:3      | Reached skill level 5 in Fighting
  2059 | D:3      | Found a faded altar of an unknown god.
  2257 | D:4      | Noticed Menkaure
  2264 | D:4      | Killed Menkaure
  2264 | D:4      | Reached XP level 7. HP: 56/72 MP: 6/6
  2307 | D:4      | Found a radiant altar of Vehumet.
  2323 | D:4      | Became a worshipper of Vehumet
  2701 | D:4      | Reached skill level 5 in Dodging
  2735 | D:4      | Found a staircase to the Ecumenical Temple.
  2985 | D:5      | Entered Level 5 of the Dungeon
  2996 | D:5      | Reached skill level 1 in Armour
  2996 | D:5      | Reached XP level 8. HP: 80/80 MP: 7/7
  3022 | D:5      | Found a glowing golden altar of the Shining One.
  3048 | D:5      | Found a stormy altar of Qazlal.
  3051 | D:5      | Reached * piety under Vehumet
  3051 | D:5      | Offered knowledge of Sandblast by Vehumet.
  3054 | D:5      | Learned a level 1 spell: Sandblast
  3109 | D:5      | Found a sacrificial altar of Ru.
  4042 | D:6      | Found a white marble altar of Elyvilon.
  4091 | D:6      | Noticed Dowan
  4095 | D:6      | Noticed Duvessa
  4098 | D:6      | Killed Dowan
  4104 | D:6      | Killed Duvessa
  4109 | D:6      | Reached skill level 5 in Armour
  4191 | D:6      | Found a deep blue altar of Sif Muna.
  4247 | D:6      | Reached skill level 1 in Spellcasting
  4411 | D:6      | Reached ** piety under Vehumet
  4411 | D:6      | Offered knowledge of Freeze by Vehumet.
  4427 | D:6      | Learned a level 1 spell: Freeze
  4554 | D:7      | Reached XP level 9. HP: 83/88 MP: 11/11
  4820 | D:7      | Found a runed door.
  4830 | D:7      | Found the +10 large shield of Ignorance {rN+ Int-4}
  4830 | D:7      | Noticed an orange crystal statue
  4830 | D:7      | Noticed an orange crystal statue
  4830 | D:7      | Noticed an orange crystal statue
  4830 | D:7      | Noticed an orange crystal statue
  4831 | D:7      | Found a runed door.
  4845 | D:7      | Lost intelligence.
  4855 | D:7      | HP: 4/88 [giant cockroach[an orange crystal statue] (1)]
  4855 | D:7      | Slain by a centaur skeleton

Vault maps used:
D:1:      nzn_arrival_settlement, minmay_pentomino_z2
D:2:      cheibrodos_old_hovel
D:3:      chequers_ecumenical_altar_simple_redux, hangedman_decor_lopped,
          uniq_sigmund, uniq_ijyb
D:4:      cheibrodos_greedy_goblins, minmay_temple_entry_junction,
          vehumet_altar_wand_db, uniq_menkaure
D:5:      lemuel_crystal_altar, nicolae_ru_awakened_eye,
          nicolae_tso_carved_into_rock, first_ration,
          hangedman_abyss_or_decor_stagger
D:6:      old_standard_altar, nicolae_overflow_crystal_walls, uniq_duvessa
D:7:      kennysheep_six_static_rooms, the_bakery,
          chequers_guarded_unrand_ignorance

Skill      XL: |  1  2  3  4  5  6  7  8  9 |
---------------+----------------------------+-----
Unarmed Combat | 3 4 5 |  5.2
Fighting       | 4 5 |  5.1
Dodging        | 3 5 |  5.2
Armour         | 1 5 |  5.1
Spellcasting   | 2 3 |  3.1
Shields        | |  2.4

Action                   |  1- 3 |  4- 6 |  7- 9 || total
-------------------------+-------+-------+-------++-------
Melee: Unarmed           |    98 |   117 |   241 ||   456
       Punch             |       |     1 |     4 ||     5
Evoke: Wand              |       |       |    10 ||    10
  Use: Scroll            |     4 |     3 |     5 ||    12
       Potion            |       |     5 |       ||     5
 Stab: Sleeping          |     1 |       |     1 ||     2
  Eat: Chunk             |    13 |    13 |    24 ||    50
Armor: Robe              |    57 |    33 |   138 ||   228
       Skin              |       |     4 |       ||     4
Dodge: Dodged            |    65 |    41 |   227 ||   333

Table legend:
 A = Spawn XP
 B = Non-spawn XP
 C = Spawn XP percentage of total XP
 D = Spawn monster count
 E = Non-spawn monster count
 F = Spawn count percentage of total count
 G = Total turns spent on level
                    A         B        C        D         E        F      G
               +---------+---------+-------+---------+---------+-------+---------
         Total |       0 |    3322 |   0.0 |       0 |     158 |   0.0 |  4855
               +---------+---------+-------+---------+---------+-------+---------
           D:1 |       0 |      42 |   0.0 |       0 |      22 |   0.0 |   674
           D:2 |       0 |     103 |   0.0 |       0 |      26 |   0.0 |   967
           D:3 |       0 |     529 |   0.0 |       0 |      25 |   0.0 |   841
           D:4 |       0 |     741 |   0.0 |       0 |      29 |   0.0 |   911
           D:5 |       0 |     290 |   0.0 |       0 |       5 |   0.0 |   491
           D:6 |       0 |     989 |   0.0 |       0 |      40 |   0.0 |   627
           D:7 |       0 |     628 |   0.0 |       0 |      11 |   0.0 |   344
               +---------+---------+-------+---------+---------+-------+---------
